Map: Abyssal Reef LE

Players

Piey

  • Race: Terran Terran
  • League: Master
  • Spawn Location: 11:00

Railgan - Winner!

  • Race: Zerg Zerg
  • League: Grandmaster
  • Spawn Location: 5:00

VOD

Have the link to the VOD?

Description

Time

  • Played on: March 24, 2017, 10:12 a.m.
  • Length: 2:50
Show
View Real Time Build Order
Export as new Build Order

Piey Terran 

Build Orders: Reaper Expand 

Get SALT Encoding   

  12  0:00  SCV  
  13  0:12  SCV  
  14  0:17  Supply Depot  
  14  0:25  SCV  
  15  0:30  Refinery  
  15  0:39  SCV  
  16  0:45  Barracks  
  16  0:51  SCV  
  17  1:03  SCV  
  18  1:15  SCV  
  19  1:32  Orbital Command  
  19  1:33  Reaper  
  20  1:47  Command Center  
  20  1:59  SCV  
  21  2:02  Factory  
  21  2:14  SCV  
  22  2:16  Bunker  
  22  2:20  Marine  
  21  2:34  SCV  
Show
View Real Time Build Order
Export as new Build Order

Railgan Zerg - Winner!

Build Orders: Pool Only 

Get SALT Encoding   

  12  0:01  Drone  
  13  0:15  Extractor  
  12  0:25  Spawning Pool  
  12  0:28  Drone  
  12  0:33  Drone  
  13  0:38  Drone  
  14  0:48  Overlord  
  14  1:12  Zergling x6  
  17  1:19  Metabolic Boost  
  17  1:26  Queen  
  19  1:41  Baneling Nest, Zergling x2  
  19  1:47  Zergling x2  
  20  1:57  Overlord  
  20  2:02  Zergling x2  
  21  2:15  Zergling x2  
  21  2:22  Zergling x2  
  23  2:31  Zergling x2  
Tags
 
Add a new tag
Caveats
  • Supply blocks, unpowered buildings, or Contaminate may cause inaccurate times.
  • Supply counts are checked every 10 seconds.